cohdb
Replays
Latest Replays
All Replays
Popular Replays
Top Player Replays
Match Explorer
How It Works
Community
CoH3 Stats
Reddit
Sign in to upload your games and track your stats! →
Sign in with Steam
Match 45113063
Unlisted
Match 45113063
Overview
Messages
Build Orders
End
Kradschützen Motorcycle Team
Selects Armored Support Battlegroup
250 Light Carrier
Panzergrenadier Squad
Construct Light Support Kompanie
Panzerjäger Squad
Panzerjäger Squad
Construct Mechanized Kompanie
Marder III Tank Destroyer
Panzerpioneer Squad
Selects Superior Fire Drills
Tungsten Core Ammunition
Fajolada
PUNCHDRUNK
0
0
Comments
sign in to comment!
No comments posted yet!